 Dungeon Crawl Stone Soup version 0.23.0-3-gf3c87f2df8 (webtiles) character file.

Game seed: 15621303861637264931

7059 Kisielow the Cleaver (level 11, -23/92 HPs)
             Began as a Hill Orc Fighter on Feb 21, 2019.
             Was a Priest of Beogh.
             Annihilated by a white ugly thing (28 damage)
             ... on level 9 of the Dungeon.
             The game lasted 00:17:04 (9927 turns).

Kisielow the Cleaver (Hill Orc Fighter)             Turns: 9927, Time: 00:17:05

Health: -23/92     AC: 19    Str: 23    XL:     11   Next: 9%
Magic:  27/27      EV:  6    Int:  8    God:    Beogh [***...]
Gold:   441        SH: 10    Dex: 10    Spells: 10/10 levels left

rFire    + . .     SeeInvis .   a - +1 war axe
rCold    . . .     Gourm    .   c - +0 shield
rNeg     . . .     Faith    .   C - +2 chain mail {rF+}
rPois    .         Spirit   .   (no helmet)
rElec    .         Reflect  .   n - +1 cloak
rCorr    .         Harm     .   m - +0 pair of gloves
MR       .....                  l - +2 pair of boots
Stlth    ..........             B - amulet of the acrobat
HPRegen  0.25/turn              w - ring of magical power
MPRegen  0.20/turn              (no ring)

@: no status effects
A: no striking features
a: Smiting, Renounce Religion


You were on level 9 of the Dungeon.
You worshipped Beogh.
Beogh was most pleased with you.
You were not hungry.

You visited 2 branches of the dungeon, and saw 10 of its levels.

You collected 441 gold pieces.

Inventory:

Hand Weapons
 a - a +1 war axe (weapon)
Armour
 c - a +0 shield (worn)
 l - a +2 pair of boots (worn)
 m - a +0 pair of gloves (worn)
 n - a +1 cloak (worn)
 C - a +2 chain mail of fire resistance (worn)
Jewellery
 w - a ring of magical power (left hand)
 B - an amulet of the acrobat (around neck)
Wands
 s - a wand of polymorph (5)
 x - a wand of disintegration (12)
Scrolls
 b - a scroll of fear
 e - 4 scrolls of identify
 i - 3 scrolls of blinking
 k - 2 scrolls of enchant armour
 r - 4 scrolls of magic mapping
 t - 4 scrolls of remove curse
 v - a scroll of amnesia
 y - a scroll of silence {unknown}
 A - a scroll of enchant weapon
Potions
 g - 2 potions of invisibility
 h - a potion of haste
 j - 7 potions of curing
 o - a potion of flight
 p - a potion of might
 q - a potion of ambrosia
 u - a potion of degeneration {unknown}
 z - a potion of lignification {unknown}
Comestibles
 d - 8 chunks of flesh
 f - 20 rations


   Skills:
 - Level 7.2 Fighting
 - Level 10.8 Axes
 - Level 6.5 Armour
 - Level 6.6 Shields
 + Level 8.6 Invocations
 * Level 9.4 Evocations


You had 10 spell levels left.
You didn't know any spells.
Your spell library contained the following spells:

 Spells                   Type           Power        Failure   Level  Hunger
 Poisonous Vapours        Pois/Air       #.....       100%        2    ###....
 Conjure Flame            Conj/Fire      #.......     100%        3    ####...
 Mephitic Cloud           Conj/Pois/Air  #.......     100%        3    ####...
 Freezing Cloud           Conj/Ice/Air   #.........   100%        6    #######
 Ring of Flames           Chrm/Fire      #.........   100%        7    #######


Dungeon Overview and Level Annotations

Branches:
Dungeon (9/15)             Temple (1/1) D:5
   Lair: D:8-11         Orc: D:9-12

Altars:
Ashenzari
Cheibriados
Dithmenos
Fedhas
Gozag
Hepliaklqana
Kikubaaqudgha
Makhleb
Nemelex Xobeh
Okawaru
Qazlal
Ru
Sif Muna
Trog
Uskayaw
Vehumet
Wu Jian
Xom
Yredelemnul
Zin
The Shining One

Shops:
D:5 *   D:7 =   D:8 *


Message History

The white ugly thing pecks you but does no damage.
Your orc knight closely misses the white ugly thing.
You hit the white ugly thing but do no damage.
The white ugly thing is moderately wounded.
The white ugly thing pecks you. The white ugly thing freezes you!!
* * * LOW HITPOINT WARNING * * *
You slash the white ugly thing!
The white ugly thing is moderately wounded.
Your orc knight hits the white ugly thing with a +0 flail!!
The white ugly thing pecks you but does no damage.
You hit the white ugly thing but do no damage.
The white ugly thing is severely wounded.
You block the white ugly thing's attack.
Your orc knight hits the white ugly thing with a +0 flail!
You closely miss the white ugly thing.
The white ugly thing is almost dead.
The white ugly thing pecks you!
* * * LOW HITPOINT WARNING * * *
The white ugly thing freezes you!!
You die...

................. #
.................###+####
......................#<
......................#.
# #...................#.
..##.o.................##
.......................##
........÷..............#.
.......o@..............'.
..#####u####...........#.
#......##...........##
#...................##
#......#####'#####....
#......###.o...###....
#......##.......##....
#......#...#.#...#....
#......#..##.##.÷#....


You could see a white ugly thing, a friendly orc knight and a friendly orc
(confused).

Vanquished Creatures
  Pikel (D:6)
  Joseph (D:9)
  Prince Ribbit (D:7)
  4 hippogriffs
  A wraith (D:8)
  A yak (D:8)
  2 hogs (D:8)
  A human (D:8)
  3 orc warriors
  2 ice beasts
  2 sky beasts (D:7)
  3 phantoms
  A slave (D:6)
  A hornet zombie (D:8)
  A necrophage (D:7)
  5 ogres
  5 centaurs
  A big kobold (D:7)
  3 bullfrogs
  4 water moccasin skeletons (D:5)
  A scorpion (D:5)
  6 howler monkeys
  4 crimson imps
  A quasit (D:7)
  A centaur skeleton (D:9)
  2 centaur zombies
  2 hounds (D:6)
  2 jellies
  6 orc priests
  2 orc wizards (D:5)
  Crazy Yiuf (D:6)
  4 bullfrog skeletons
  An iguana (D:6)
  Ijyb (D:4)
  8 worker ants
  A worker ant zombie (D:5)
  Robin (D:1)
  9 adders
  5 gnolls
  3 shadow imps
  An ooze (D:3)
  5 worms
  A dart slug (D:2)
  3 leopard geckos
  20 orcs
  A bat zombie (D:7)
  8 giant cockroaches
  11 goblins
  9 hobgoblins
  8 jackals
  6 quokkas
  3 ball pythons
  7 bats
  5 frilled lizards
  13 kobolds
  A leopard gecko skeleton (D:5)
  A quokka skeleton (D:5)
  12 rats
  A rat zombie (D:7)
220 creatures vanquished.

Vanquished Creatures (collateral kills)
  A deep elf mage (D:9)
  A tengu conjurer (D:9)
  A hog (D:8)
  A water moccasin (D:9)
  An ogre (D:9)
  2 hounds
  An orc wizard (D:9)
  A hound skeleton (D:9)
  An adder zombie (D:9)
10 creatures vanquished.

Vanquished Creatures (others)
  An ogre (D:6)
  A bullfrog (D:6)
  An adder skeleton (D:8)
  2 orcs
  A leopard gecko zombie (D:8)
6 creatures vanquished.

Grand Total: 236 creatures vanquished

Notes
Turn   | Place    | Note
-------+----------+-------------------------------------------
     0 | D:1      | Kisielow the Hill Orc Fighter began the quest for the Orb.
     0 | D:1      | Reached XP level 1. HP: 19/19 MP: 1/1
    28 | D:1      | Reached skill level 3 in Axes
    40 | D:1      | Reached XP level 2. HP: 25/26 MP: 2/2
   238 | D:1      | Reached skill level 4 in Axes
   478 | D:1      | Reached XP level 3. HP: 9/31 MP: 3/3
   825 | D:1      | Reached skill level 5 in Axes
  1054 | D:2      | Noticed Robin
  1102 | D:1      | Killed Robin
  1102 | D:1      | Reached XP level 4. HP: 7/40 MP: 4/4
  1649 | D:2      | Reached XP level 5. HP: 12/46 MP: 5/5
  2004 | D:2      | Reached skill level 6 in Axes
  2432 | D:3      | Reached XP level 6. HP: 53/53 MP: 6/6
  2606 | D:3      | Found an iron altar of Okawaru.
  2812 | D:3      | Found a sacrificial altar of Ru.
  2877 | D:3      | Became a worshipper of Beogh the Brigand
  3441 | D:4      | Found a sparkling altar of Nemelex Xobeh.
  3526 | D:4      | Noticed Ijyb
  3565 | D:4      | Killed Ijyb
  3565 | D:4      | Reached skill level 7 in Axes
  3694 | D:4      | Noticed a phantom
  3718 | D:4      | Killed a phantom
  3718 | D:4      | Reached XP level 7. HP: 35/60 MP: 7/7
  3968 | D:4      | Reached skill level 5 in Fighting
  4388 | D:5      | Entered Level 5 of the Dungeon
  4423 | D:5      | Found a staircase to the Ecumenical Temple.
  4441 | Temple   | Entered the Ecumenical Temple
  4622 | D:5      | Found a sparkling altar of Nemelex Xobeh.
  4671 | D:5      | Reached skill level 8 in Axes
  4761 | D:5      | Reached skill level 5 in Shields
  4840 | D:5      | Reached skill level 5 in Armour
  4864 | D:5      | Reached XP level 8. HP: 67/70 MP: 8/8
  5138 | D:5      | Reached skill level 9 in Axes
  5166 | D:5      | Reached * piety under Beogh
  5402 | D:5      | Found Pahohud's General Store.
  5878 | D:6      | Found a burning altar of Makhleb.
  6324 | D:6      | Noticed Pikel
  6328 | D:6      | Reached skill level 10 in Axes
  6340 | D:6      | Reached XP level 9. HP: 71/78 MP: 9/9
  6360 | D:6      | Killed Pikel
  6678 | D:6      | Found a runed translucent door.
  6679 | D:6      | Noticed Crazy Yiuf
  6803 | D:6      | Found a hazy altar of Hepliaklqana.
  7066 | D:6      | Killed Crazy Yiuf
  7100 | D:7      | Reached skill level 1 in Invocations
  7100 | D:7      | Reached skill level 1 in Evocations
  7473 | D:7      | Reached ** piety under Beogh
  7761 | D:7      | Reached skill level 5 in Evocations
  7761 | D:7      | Reached XP level 10. HP: 76/86 MP: 13/13
  7874 | D:7      | Reached skill level 5 in Invocations
  7892 | D:7      | Noticed Prince Ribbit
  7904 | D:7      | Killed Prince Ribbit
  8265 | D:7      | Found Qoheufas's Jewellery Shoppe.
  8343 | D:7      | Found a shattered altar of Ashenzari.
  8491 | D:7      | Found an ancient bone altar of Kikubaaqudgha.
  8637 | D:8      | Found Zin's Purification Station.
  8637 | D:8      | Found a glowing silver altar of Zin.
  8759 | D:8      | Reached *** piety under Beogh
  9714 | D:9      | Noticed Joseph
  9716 | D:9      | Killed Joseph
  9756 | D:9      | Reached XP level 11. HP: 65/92 MP: 17/17
  9766 | D:9      | Noticed a deep elf mage
  9780 | D:9      | Killed a deep elf mage
  9917 | D:9      | Noticed a white ugly thing
  9927 | D:9      | Annihilated by a white ugly thing

Skill      XL: |  1  2  3  4  5  6  7  8  9 10 11 |
---------------+----------------------------------+-----
Axes           | 3 4 5 6 7 8 10 | 10.8
Fighting       | 4 5 6 7 |  7.2
Shields        | 4 5 6 |  6.6
Armour         | 4 5 6 |  6.5
Invocations    | 4 8 |  8.6
Evocations     | 5 8 9 |  9.4

Action                   |  1- 3 |  4- 6 |  7- 9 | 10-12 || total
-------------------------+-------+-------+-------+-------++-------
Melee: War axe           |   101 |   183 |   411 |   246 ||   941
       Unarmed           |       |    28 |       |       ||    28
Invok: Convert to Beogh  |       |     1 |       |       ||     1
       Smiting           |       |       |       |     2 ||     2
  Use: Potion            |       |     3 |     2 |       ||     5
       Scroll            |       |    11 |     4 |       ||    15
  Eat: Chunk             |     1 |     8 |    10 |     8 ||    27
       Ration            |       |       |     1 |       ||     1
Armor: Scale mail        |    66 |    71 |   181 |    98 ||   416
       Chain mail        |       |       |       |    13 ||    13
Dodge: Dodged            |    47 |    73 |   107 |    52 ||   279
Block: Shield            |    65 |    93 |   185 |   124 ||   467
